SAA
NORTHVILLE ECLIPSE @ CASPER GHOSTS
09/24/2041
 
TOP OF THE 1ST
Northville Eclipse batting - Pitching for Casper Ghosts : RHP Foster Lang
Pitching: RHP Foster Lang
Batting: RHB Junji Ito 0-0: Called Strike
0-1: Ball
1-1: Ball
2-1: Swinging Strike
2-2: Ball
3-2: Base on Balls
Batting: RHB Daron Mack 0-0: Called Strike
0-1: Fly out, F8 (Flyball, 8RD, EV 97.5 MPH)
Batting: LHB You-liang Yang 0-0: Swinging Strike
0-1: Called Strike
0-2: Strikes out swinging
Batting: RHB Daniel Marley 0-0: Called Strike
0-1: Swinging Strike
0-2: Ball
1-2: Ball
2-2: Ball
3-2: Foul Ball, location: 2F
3-2: Base on Balls
Junji Ito to second
Batting: RHB Jaime Burgos 0-0: Ball
1-0: Fly out, F8 (Flyball, 8RM, EV 90.0 MPH)
Top of the 1st over - 0 runs, 0 hits, 0 errors, 2 left on base; Northville 0 - Casper 0
BOTTOM OF THE 1ST
Casper Ghosts batting - Pitching for Northville Eclipse : RHP Sidney Petty
Pitching: RHP Sidney Petty
Batting: RHB Thinley Tshering 0-0: Called Strike
0-1: Foul Ball, location: 2F
0-2: Ball
1-2: Strikes out swinging
Batting: RHB Marcos Janero 0-0: Called Strike
0-1: Foul Ball, location: 2F
0-2: Ball
1-2: Ball
2-2: Foul Ball, location: 2F
2-2: Strikes out looking
Batting: LHB Edward Kisiner 0-0: Foul Ball, location: 2F
0-1: Ball
1-1: Foul Ball, location: 2F
1-2: Ball
2-2: SINGLE (Line Drive, 89S, EV 108.8 MPH)
Batting: RHB Ken Joyner 0-0: Ball
1-0: Swinging Strike
1-1: Called Strike
1-2: Fly out, F8 (Flyball, 8RM, EV 88.8 MPH)
Bottom of the 1st over - 0 runs, 1 hit, 0 errors, 1 left on base; Northville 0 - Casper 0
TOP OF THE 2ND
Northville Eclipse batting - Pitching for Casper Ghosts : RHP Foster Lang
Batting: SHB Javier Murillo 0-0: Ground out 1-3 (Groundball, 15, EV 81.2 MPH)
Batting: RHB Rafael Manawis 0-0: Ball
1-0: Ball
2-0: Called Strike
2-1: Called Strike
2-2: Ball
3-2: Base on Balls
Batting: LHB Pedro Marrero 0-0: Ball
1-0: Ball
2-0: Called Strike
2-1: Called Strike
2-2: Ball
3-2: Foul Ball, location: 2F
3-2: Base on Balls
Rafael Manawis to second
Batting: LHB Javier López 0-0: Ball
1-0: Ball
2-0: SINGLE (Groundball, 56D, EV 97.5 MPH)
Rafael Manawis to third
Pedro Marrero to second
Runner from 3rd tries for Home, SAFE, throw by LF to home
Batting: RHB Junji Ito 0-0: Grounds into double play, 6-4-3 (Groundball, 6, EV 101.9 MPH)
Top of the 2nd over - 1 run, 1 hit, 0 errors, 1 left on base; Northville 1 - Casper 0
BOTTOM OF THE 2ND
Casper Ghosts batting - Pitching for Northville Eclipse : RHP Sidney Petty
Batting: RHB Cam Lumsden 0-0: Ball
1-0: Called Strike
1-1: Foul Ball, location: 2F
1-2: Ball
2-2: Foul Ball, location: 2F
2-2: Foul Ball, location: 2F
2-2: Strikes out swinging
Batting: RHB Obiniana Romulo 0-0: Called Strike
0-1: Called Strike
0-2: Foul Ball, location: 2F
0-2: Ball
1-2: Ball
2-2: Foul Ball, location: 2F
2-2: Strikes out swinging
Batting: RHB Izaak Gerkis 0-0: Ball
1-0: Called Strike
1-1: Ground out 6-3 (Groundball, 6, EV 85.0 MPH)
Bottom of the 2nd over - 0 runs, 0 hits, 0 errors, 0 left on base; Northville 1 - Casper 0
TOP OF THE 3RD
Northville Eclipse batting - Pitching for Casper Ghosts : RHP Foster Lang
Batting: RHB Daron Mack 0-0: Ball
1-0: Fly out, F8 (Flyball, 8LD, EV 96.9 MPH)
Batting: LHB You-liang Yang 0-0: Fly out, F8 (Line Drive, 8RM, EV 99.4 MPH)
Batting: RHB Daniel Marley 0-0: Foul Ball, location: 2F
0-1: Swinging Strike
0-2: SINGLE (Groundball, 6D, EV 102.5 MPH)
Batting: RHB Jaime Burgos 0-0: Ball
1-0: Swinging Strike
1-1: Swinging Strike
1-2: Ball
2-2: Ball
3-2: Foul Ball, location: 2F
3-2: Base on Balls
Daniel Marley to second
Batting: SHB Javier Murillo 0-0: Ball
1-0: Called Strike
1-1: Foul Ball, location: 2F
1-2: Foul Ball, location: 2F
1-2: Foul Ball, location: 2F
1-2: Foul Ball, location: 2F
1-2: Strikes out swinging
Top of the 3rd over - 0 runs, 1 hit, 0 errors, 2 left on base; Northville 1 - Casper 0
BOTTOM OF THE 3RD
Casper Ghosts batting - Pitching for Northville Eclipse : RHP Sidney Petty
Batting: RHB Bogdan Lissenberg 0-0: Ball
1-0: Swinging Strike
1-1: Ball
2-1: Ball
3-1: Called Strike
3-2: Strikes out looking
Batting: RHB Teok-kyu Pak 0-0: Fly out, F7 (Flyball, 78S, EV 93.8 MPH)
Batting: RHB Thinley Tshering 0-0: Called Strike
0-1: Foul Ball, location: 2F
0-2: Ball
1-2: SINGLE (Line Drive, 8RS, EV 108.8 MPH)
Batting: RHB Marcos Janero 0-0: Called Strike
0-1: Called Strike
0-2: Ball
1-2: Foul Ball, location: 2F
1-2: Foul Ball, location: 2F
1-2: Strikes out swinging
Bottom of the 3rd over - 0 runs, 1 hit, 0 errors, 1 left on base; Northville 1 - Casper 0
TOP OF THE 4TH
Northville Eclipse batting - Pitching for Casper Ghosts : RHP Foster Lang
Batting: RHB Rafael Manawis 0-0: Called Strike
0-1: Ball
1-1: Ground out 6-3 (Groundball, 6, EV 107.5 MPH)
Batting: LHB Pedro Marrero 0-0: Ball
1-0: Called Strike
1-1: Called Strike
1-2: Foul Ball, location: 2F
1-2: Ball
2-2: Strikes out looking
Batting: LHB Javier López 0-0: Swinging Strike
0-1: Called Strike
0-2: Foul Ball, location: 2F
0-2: Ball
1-2: Foul Ball, location: 2F
1-2: Ball
2-2: Ground out U3 (Groundball, 34, EV 83.1 MPH)
Top of the 4th over - 0 runs, 0 hits, 0 errors, 0 left on base; Northville 1 - Casper 0
BOTTOM OF THE 4TH
Casper Ghosts batting - Pitching for Northville Eclipse : RHP Sidney Petty
Batting: LHB Edward Kisiner 0-0: Ball
1-0: Foul Ball, location: 2F
1-1: Swinging Strike
1-2: Ball
2-2: Foul Ball, location: 2F
2-2: Foul Ball, location: 2F
2-2: Strikes out swinging
Batting: RHB Ken Joyner 0-0: Ball
1-0: Ball
2-0: Ground out 4-3 (Groundball, 4, EV 83.1 MPH)
Batting: RHB Cam Lumsden 0-0: Ball
1-0: Swinging Strike
1-1: Ball
2-1: Foul Ball, location: 2F
2-2: Strikes out swinging
Bottom of the 4th over - 0 runs, 0 hits, 0 errors, 0 left on base; Northville 1 - Casper 0
TOP OF THE 5TH
Northville Eclipse batting - Pitching for Casper Ghosts : RHP Foster Lang
Batting: RHB Junji Ito 0-0: Ball
1-0: Called Strike
1-1: Foul Ball, location: 2F
1-2: Ground out 6-3 (Groundball, 6, EV 105.0 MPH)
Batting: RHB Daron Mack 0-0: Ball
1-0: Ground out 4-3 (Groundball, 4, EV 81.9 MPH)
Batting: LHB You-liang Yang 0-0: Ball
1-0: Foul Ball, location: 2F
1-1: Ball
2-1: Foul Ball, location: 2F
2-2: Ball
3-2: TRIPLE (Line Drive, 89XD, EV 101.9 MPH)
Pinch Runner at 3rd Daniel Divina:
Batting: RHB Daniel Marley 0-0: Ball
1-0: Called Strike
1-1: Ball
Balk!
Daniel Divina scores
2-1: Ground out 5-3 (Groundball, 5S, EV 80.6 MPH)
Top of the 5th over - 1 run, 1 hit, 0 errors, 0 left on base; Northville 2 - Casper 0
BOTTOM OF THE 5TH
Casper Ghosts batting - Pitching for Northville Eclipse : RHP Sidney Petty
Now in LF: Ricardo Urby
Batting: RHB Obiniana Romulo 0-0: Ball
1-0: Swinging Strike
1-1: Ball
2-1: SINGLE (Line Drive, 34D, EV 103.1 MPH)
Batting: RHB Izaak Gerkis 0-0: Foul Ball, location: 2F
0-1: SINGLE (Line Drive, 7LS, EV 110.0 MPH)
Obiniana Romulo to second
Batting: RHB Bogdan Lissenberg 0-0: Bunted foul
0-1: Sac Bunt to 23 - play at first, batter OUT! 3-4
Obiniana Romulo to third
Izaak Gerkis to second
Batting: RHB Teok-kyu Pak 0-0: Ball
1-0: Ball
2-0: Called Strike
2-1: Fly out, F9 (Flyball, 9LS, EV 94.4 MPH)
Batting: RHB Thinley Tshering 0-0: Called Strike
0-1: Swinging Strike
0-2: Strikes out swinging
Bottom of the 5th over - 0 runs, 2 hits, 0 errors, 2 left on base; Northville 2 - Casper 0
TOP OF THE 6TH
Northville Eclipse batting - Pitching for Casper Ghosts : RHP Foster Lang
Batting: RHB Jaime Burgos 0-0: Called Strike
0-1: Ball
1-1: Foul Ball, location: 2F
1-2: SINGLE (Groundball, 56D, EV 107.5 MPH)
Pitching: RHP Fernando Gonzáles
Batting: SHB Javier Murillo 0-0: Bunted foul
0-1: Bunted foul
0-2: Fielders Choice at 2nd, 1-6 (Groundball, 34S, EV 66.9 MPH)
Batting: RHB Rafael Manawis 0-0: Called Strike
0-1: Called Strike
0-2: Ball
1-2: Ball
2-2: Ball
3-2: Strikes out swinging
Batting: LHB Pedro Marrero 0-0: Ball
1-0: Ball
2-0: Foul Ball, location: 2F
2-1: Ball
3-1: Called Strike
3-2: Foul Ball, location: 2F
3-2: Strikes out swinging
Top of the 6th over - 0 runs, 1 hit, 0 errors, 1 left on base; Northville 2 - Casper 0
BOTTOM OF THE 6TH
Casper Ghosts batting - Pitching for Northville Eclipse : RHP Sidney Petty
Batting: RHB Marcos Janero 0-0: Ball
1-0: Swinging Strike
1-1: Foul Ball, location: 2F
1-2: Foul Ball, location: 2F
1-2: SINGLE (Groundball, 6M, EV 102.5 MPH)
Batting: LHB Edward Kisiner 0-0: Ball
1-0: Called Strike
1-1: Foul Ball, location: 2F
1-2: Strikes out looking
Batting: RHB Ken Joyner 0-0: Ball
1-0: Ball
2-0: SINGLE (Groundball, 56D, EV 103.1 MPH)
Marcos Janero to second
Batting: RHB Cam Lumsden 0-0: Ball
Marcos Janero steals 3rd base
Balk!
Marcos Janero scores
Ken Joyner to second
1-0: Fly out, F8 (Flyball, 8RXD, EV 91.9 MPH)
Runner from 2nd tags up, SAFE at 3rd, no throw by CF
Batting: RHB Obiniana Romulo 0-0: Ball
1-0: Ball
2-0: Called Strike
2-1: Ball
3-1: Fly out, F8 (Line Drive, 8RD, EV 92.5 MPH)
Bottom of the 6th over - 1 run, 2 hits, 0 errors, 1 left on base; Northville 2 - Casper 1
TOP OF THE 7TH
Northville Eclipse batting - Pitching for Casper Ghosts : RHP Fernando Gonzáles
Batting: LHB Javier López 0-0: Ball
1-0: Ground out 3-1 (Groundball, 34, EV 109.4 MPH)
Batting: RHB Junji Ito 0-0: Fly out, F9 (Flyball, 89M, EV 83.8 MPH)
Batting: RHB Daron Mack 0-0: Fly out, F8 (Flyball, 8RD, EV 85.6 MPH)
Top of the 7th over - 0 runs, 0 hits, 0 errors, 0 left on base; Northville 2 - Casper 1
BOTTOM OF THE 7TH
Casper Ghosts batting - Pitching for Northville Eclipse : RHP Sidney Petty
Batting: RHB Izaak Gerkis 0-0: Ball
1-0: SINGLE (Line Drive, 7S, EV 87.5 MPH)
Pitching: RHP John Sparks
Batting: RHB Bogdan Lissenberg 0-0: Ball
1-0: Bunted foul
1-1: Bunted foul
1-2: Foul Ball, location: 2F
1-2: Ball
2-2: SINGLE (Flyball, 78M, EV 89.4 MPH)
Izaak Gerkis to second
Pinch Hitting: LHB General Booty 0-0: Ball
1-0: Ball
2-0: Swinging Strike
2-1: Fly out, F8 (Flyball, 8RS, EV 88.1 MPH)
Batting: RHB Thinley Tshering 0-0: SINGLE (Line Drive, 89S, EV 90.6 MPH)
Izaak Gerkis to third
Bogdan Lissenberg to second
Runner from 3rd tries for Home, SAFE, throw by RF to home
Batting: RHB Marcos Janero 0-0: SINGLE (Groundball, 56D, EV 106.9 MPH)
Bogdan Lissenberg to third
Thinley Tshering to second
Batting: LHB Edward Kisiner 0-0: Foul Ball, location: 2F
0-1: DOUBLE (Flyball, 89XD, EV 113.1 MPH)
Bogdan Lissenberg scores
Thinley Tshering scores
Marcos Janero to third
Runner from 3rd tries for Home, SAFE, throw by CF to home
Pitching: RHP Darko Trstenjak
Batting: RHB Ken Joyner 0-0: Ball
1-0: Ground out 6-3 (Groundball, 6M, EV 99.4 MPH)
Edward Kisiner to third
Batting: RHB Cam Lumsden 0-0: Called Strike
0-1: Ball
1-1: Called Strike
1-2: Ball
2-2: Ground out 6-3 (Groundball, 6, EV 76.9 MPH)
Bottom of the 7th over - 4 runs, 5 hits, 0 errors, 1 left on base; Northville 2 - Casper 5
TOP OF THE 8TH
Northville Eclipse batting - Pitching for Casper Ghosts : RHP Fernando Gonzáles
Now at 2B: Thom Scribbner
Batting: RHB Ricardo Urby 0-0: Ball
1-0: Foul Ball, location: 2F
1-1: SINGLE (Line Drive, 4MD, EV 96.9 MPH)
Pitching: RHP Lucas Gameiro
Batting: RHB Daniel Marley 0-0: Ball
1-0: Ball
2-0: Called Strike
2-1: Fly out, F5 (Popup, 25F, EV 90.0 MPH)
Batting: RHB Jaime Burgos 0-0: Called Strike
0-1: Ball
1-1: Foul Ball, location: 2F
1-2: Ground out 6-3 (Groundball, 6S, EV 70.6 MPH)
Ricardo Urby to second
Batting: SHB Javier Murillo 0-0: SINGLE (Groundball, 6MD, EV 94.4 MPH)
Ricardo Urby to third
Runner from 3rd tries for Home, SAFE, no throw by CF
Batting: RHB Rafael Manawis 0-0: Ball
1-0: Ground out 1-3 (Groundball, 13S, EV 56.9 MPH)
Top of the 8th over - 1 run, 2 hits, 0 errors, 1 left on base; Northville 3 - Casper 5
BOTTOM OF THE 8TH
Casper Ghosts batting - Pitching for Northville Eclipse : RHP Darko Trstenjak
Batting: RHB Obiniana Romulo 0-0: Ball
1-0: Called Strike
1-1: Ground out 6-3 (Groundball, 6, EV 102.5 MPH)
Batting: RHB Izaak Gerkis 0-0: Ball
1-0: Swinging Strike
1-1: Called Strike
1-2: Ball
2-2: Ball
3-2: Base on Balls
Batting: RHB Bogdan Lissenberg 0-0: Ball
1-0: Called Strike
1-1: SINGLE (Groundball, 4MD, EV 98.8 MPH)
Izaak Gerkis to second
Runner from 2nd tries for 3rd, SAFE, throw by CF made to third
Batting: RHB Thom Scribbner 0-0: Ball
1-0: Ground out 5-3 (Groundball, 56S, EV 76.9 MPH)
Bogdan Lissenberg to second
Batting: RHB Thinley Tshering 0-0: Swinging Strike
0-1: Ball
1-1: Called Strike
1-2: Strikes out swinging
Bottom of the 8th over - 0 runs, 1 hit, 0 errors, 2 left on base; Northville 3 - Casper 5
TOP OF THE 9TH
Northville Eclipse batting - Pitching for Casper Ghosts : RHP Lucas Gameiro
Batting: LHB Pedro Marrero 0-0: Called Strike
0-1: Foul Ball, location: 2F
0-2: Foul Ball, location: 2F
0-2: Foul Ball, location: 2F
0-2: Ball
1-2: Fly out, F8 (Flyball, 8LS, EV 86.9 MPH)
Batting: LHB Javier López 0-0: Foul Ball, location: 2F
0-1: Ground out 4-3 (Groundball, 4, EV 105.0 MPH)
Batting: RHB Junji Ito 0-0: Called Strike
0-1: Ball
1-1: Called Strike
1-2: Ball
2-2: Strikes out looking
Top of the 9th over - 0 runs, 0 hits, 0 errors, 0 left on base; Northville 3 - Casper 5
Tuesday, January 5th, 2021 - OOTP Baseball 20.8 Build 74